 Dungeon Crawl Stone Soup version 0.30-a0-634-g8abc85282e (webtiles) character file.

Game seed: 5062135760902574441

470 Dartaoz the Digger (level 7, -2/36 HPs)
             Began as a Gargoyle Earth Elementalist on Jan 14, 2023.
             Slain by Edmund
             ... wielding a +0 flail of venom
              (6 damage)
             ... on level 5 of the Dungeon.
             The game lasted 00:09:15 (3965 turns).

Dartaoz the Digger (Gargoyle Earth Elementalist)    Turns: 3965, Time: 00:09:16

Health: -2/36      AC:  7    Str: 12    XL:     7   Next: 9%
Magic:  0/10       EV: 16    Int: 17    God:
Gold:   272        SH:  0    Dex: 10    Spells: 4/10 levels left

rFire   . . .      SeeInvis .    i - +0 whip
rCold   . . .      Faith    .    (no shield)
rNeg    + . .      Spirit   .    a - +0 robe
rPois   ∞          Reflect  .    (no helmet)
rElec   +          Harm     .    k - +0 cloak
rCorr   .          Rampage  .    (no gloves)
Will    .....                    (no boots)
Stlth   ++                       (no amulet)
HPRegen 0.26/turn                j - +5 ring of evasion
MPRegen 0.12/turn                (no ring)

@: no status effects
A: sickness immunity, AC +4, negative energy resistance 1, electricity
resistance, torment resistance 1, petrification resistance
a: no special abilities


You were on level 5 of the Dungeon.
You visited 1 branch of the dungeon, and saw 5 of its levels.

You collected 272 gold pieces.

Inventory:

Hand Weapons
 i - a +0 whip (weapon)
Armour
 a - a +0 robe (worn)
 k - a +0 cloak (worn)
Jewellery
 j - a +5 ring of evasion (left hand)
Wands
 r - a wand of digging (7)
 s - a wand of flame (19)
 u - a wand of light (12)
Scrolls
 c - 4 scrolls of identify {unknown}
 g - 3 scrolls of noise {unknown}
 h - a scroll of immolation {unknown}
 n - a scroll of teleportation {unknown}
 p - a scroll of blinking {unknown}
 q - 3 scrolls of poison {unknown}
Potions
 b - 3 potions of magic
 d - 3 potions of heal wounds {unknown}
 e - a potion of haste {unknown}
 f - 2 potions of mutation {unknown}
 l - a potion of flight {unknown}
 m - a potion of berserk rage {unknown}
 o - a potion of attraction {unknown}
 t - a potion of degeneration {unknown}


   Skills:
 - Level 1.5 Dodging
 - Level 2.1 Stealth
 - Level 2.0 Spellcasting
 + Level 5.3 Conjurations
 - Level 0.7 Transmutations
 + Level 7.1 Earth Magic


You had 4 spell levels left.
You knew the following spells:

 Your Spells              Type           Power      Damage    Failure   Level
a - Sandblast             Erth           50%        2d12      1%          1
b - Stone Arrow           Conj/Erth      44%        3d9       4%          3
c - Passwall              Tmut/Erth      12%        N/A       6%          2

Your spell library contained the following spells:

 Spells                   Type           Power      Damage    Failure   Level
 Petrify                  Tmut/Erth      15%        N/A       36%         4
 Summon Guardian Golem    Hex/Summ       1%         N/A       50%         3
 Orb of Destruction       Conj           9%         9d6       100%        7
 Spellforged Servitor     Conj/Summ      5%         N/A       100%        7


Dungeon Overview and Level Annotations

Branches:
Dungeon (5/15)
 Temple: D:4-7

Altars:

Shops:
D:5 [

Annotations:
D:5 Edmund


Innate Abilities, Weirdness & Mutations

You are immune to sickness and miasma.
Your stone body is resilient. (AC +4)
You are immune to poison.
You resist negative energy. (rN+)
You are resistant to electric shocks. (rElec)
You are resistant to unholy torment.
You are immune to petrification.


Message History

You hit Edmund but do no damage.
Edmund is severely wounded.
Edmund hits you with a +0 flail of venom.
You hit Edmund but do no damage.
Edmund is severely wounded.
Edmund barely misses you.
You hit Edmund but do no damage.
Edmund is severely wounded.
Edmund barely misses you.
You barely miss Edmund.
Edmund is severely wounded.
Edmund hits you with a +0 flail of venom.
* * * LOW HITPOINT WARNING * * *
Casting: Sandblast (safe; 1% risk of failure)
Confirm with . or Enter, or press ? or * to list all spells.
Aiming: Sandblast (safe; 1% risk of failure)
Press: ? - help, Shift-Dir - straight line, f/p - Edmund
Aim: Edmund, wielding a +0 flail of venom and wearing a +0 chain mail (severely wounded, 87% to hit)
The blast of sand hits Edmund but does no damage.
Edmund is severely wounded.
Edmund hits you with a +0 flail of venom.
* * * LOW HITPOINT WARNING * * *
Edmund hits you with a +0 flail of venom.
* * * LOW HITPOINT WARNING * * *
You hit Edmund.
Edmund is almost dead.
Edmund hits you but does no damage.
You hit Edmund. You punch Edmund, but do no damage.
Edmund is almost dead.
Edmund closely misses you.
You hit Edmund but do no damage.
Edmund is almost dead.
Edmund barely misses you.
You hit Edmund but do no damage.
Edmund is almost dead.
Edmund barely misses you.
You hit Edmund.
Edmund is almost dead.
Edmund hits you with a +0 flail of venom.
You die...

......## ......#
.....## #+# ....## #.#
♣♣...## #.# ♣.P...#####
##.## ..........#
##...## .......##.#
#..@..##### ##..##.##.#
#.@.......
##.##.##.######..#####.
#.##.............$....
#.#####.##############
#.#####.# #.......#
#########


You could see Edmund.

Vanquished Creatures
  Eustachio (D:4)
  A scorpion (D:5)
  2 hounds (D:5)
  Ijyb (D:4)
  2 iguanas (D:5)
  3 gnolls (D:4)
  4 adders
  An ufetubus (D:4)
  2 worms (D:3)
  2 dart slugs
  An orc (D:4)
  10 ball pythons
  7 bats
  5 endoplasms
  2 giant cockroaches
  3 goblins
  7 hobgoblins
  6 jackals
  A quokka (D:3)
  2 frilled lizards
  2 kobolds
  3 rats
68 creatures vanquished.

Notes
Turn   | Place    | Note
-------+----------+-------------------------------------------
     0 | D:1      | Dartaoz the Gargoyle Earth Elementalist began the quest for
                  | the Orb.
     0 | D:1      | Reached XP level 1. HP: 10/10 MP: 3/3
   122 | D:1      | Reached skill level 1 in Conjurations
   122 | D:1      | Reached skill level 4 in Earth Magic
   122 | D:1      | Reached XP level 2. HP: 15/15 MP: 1/5
   904 | D:2      | Reached XP level 3. HP: 16/19 MP: 0/6
  1619 | D:3      | Reached XP level 4. HP: 24/24 MP: 5/7
  1623 | D:3      | Learned a level 3 spell: Stone Arrow
  1828 | D:3      | Reached skill level 5 in Earth Magic
  2315 | D:3      | Found a faded altar of an unknown god.
  2668 | D:4      | Noticed Ijyb
  2793 | D:4      | Noticed Eustachio
  2849 | D:4      | Killed Ijyb
  2850 | D:4      | Reached XP level 5. HP: 25/28 MP: 3/8
  3141 | D:4      | Killed Eustachio
  3142 | D:4      | Reached skill level 6 in Earth Magic
  3142 | D:4      | Reached XP level 6. HP: 26/32 MP: 1/9
  3671 | D:5      | Entered Level 5 of the Dungeon
  3690 | D:5      | Found Bekkoc's Antique Armour Shoppe.
  3700 | D:5      | Reached skill level 5 in Conjurations
  3850 | D:5      | Reached skill level 7 in Earth Magic
  3850 | D:5      | Reached XP level 7. HP: 32/36 MP: 6/10
  3857 | D:5      | Learned a level 2 spell: Passwall
  3942 | D:5      | Noticed Edmund
  3965 | D:5      | Slain by Edmund

Illustrated notes

Levels and vault maps discovered:
D:1:      nzn_arrival_crosshair, layout_basic, nicolae_titane
D:2:      layout_basic
D:3:      layout_basic, shapermc_ecumenical_altar_pompeii,
          mrwooster_statue_mirror, minmay_puff
D:4:      layout_gridville, uniq_eustachio, uniq_ijyb
D:5:      layout_loops_corners, minmay_temple_entry_glass, st_stairs_13,
          nicolae_zen_rock_garden, serial_park_tiny_2,
          chequers_serial_rivers_micro_e, nicolae_stop_n_shop_1,
          uniq_crazy_yiuf_cottage, uniq_edmund, uniq_sigmund

Skill      XL: |  1  2  3  4  5  6 |
---------------+-------------------+-----
Conjurations   | 1 2 3 4 5 |  5.3
Earth Magic    | 4 5 6 7 |  7.1
Dodging        | |  1.5
Stealth        | |  2.1
Spellcasting   | |  2.0
Transmutations | |  0.7

Action                   |  1- 3 |  4- 6 |  7- 9 || total
-------------------------+-------+-------+-------++-------
Melee: Unarmed           |     5 |       |       ||     5
       Whip              |       |       |    15 ||    15
       Punch             |       |       |     2 ||     2
 Cast: Sandblast         |    43 |    70 |     7 ||   120
       Stone Arrow       |       |     2 |     3 ||     5
Armor: Robe              |     2 |    15 |     2 ||    19
Dodge: Dodged            |     7 |    43 |    13 ||    63

Table legend: (Time is in decaauts)
 A = Elapsed time spent in this place.
 B = Non-inter-level travel time spent in this place.
 C = Inter-level travel time spent in this place.
 D = Time resting spent in this place.
 E = Time spent auto-exploring this place.
 F = Levels seen in this place.
 G = Mean time per level.
                   A        B        C        D        E       F      G
               +--------+--------+--------+--------+--------+-----+--------+
         Total |   4024 |   3834 |    190 |      0 |   3341 |   5 |  804.8 |
       Dungeon |   4024 |   3834 |    190 |      0 |   3341 |   5 |  804.8 |
               +--------+--------+--------+--------+--------+-----+--------+

Top non-repeatable levels by time:
     D:3: 1345 daAuts
     D:4: 888 daAuts
     D:1: 743 daAuts
     D:2: 739 daAuts
     D:5: 308 daAuts
